 Dungeon Crawl Stone Soup version 0.24.0-123-gd5b16e6ec5 (webtiles) character file.

Game seed: 3482758913189221967, levelgen mode: deterministic

32 CrazyMind the Shooter (level 3, -1/29 HPs)
             Began as a Centaur Hunter on Jan 26, 2020.
             Slain by an adder (2 damage)
             ... on level 2 of the Dungeon.
             The game lasted 00:10:15 (962 turns).

CrazyMind the Shooter (Centaur Hunter)               Turns: 962, Time: 00:10:16

Health: -1/29      AC:  4    Str: 15    XL:     3   Next: 8%
Magic:  3/3        EV:  9    Int: 10    God:
Gold:   63         SH:  0    Dex:  9    Spells: 2/2 levels left

rFire    . . .     SeeInvis .   a - +1 shortbow
rCold    . . .     Gourm    .   (shield currently unavailable)
rNeg     . . .     Faith    .   c - +0 leather armour
rPois    .         Spirit   .   (no helmet)
rElec    .         Reflect  .   (no cloak)
rCorr    .         Harm     .   (no gloves)
MR       .....                  (no barding)
Stlth    +.........             (no amulet)
HPRegen  0.09/turn              h - ring of wizardry
MPRegen  0.08/turn              (no ring)

@: lethally poisoned (-1 -> -9), very quick
A: large, hooves 3, deformed body, speed 2, tough skin 3
a: no special abilities


You were on level 2 of the Dungeon.
You were not hungry.

You visited 1 branch of the dungeon, and saw 2 of its levels.

You collected 63 gold pieces.

Inventory:

Hand Weapons
 a - a +1 shortbow (weapon)
 b - a +0 short sword
Missiles
 d - 19 arrows (quivered)
 e - 25 poisoned darts
 m - 30 stones
 o - 4 silver javelins
Armour
 c - a +0 leather armour (worn)
Jewellery
 h - a ring of wizardry (left hand)
Scrolls
 g - 2 scrolls of enchant weapon {unknown}
 j - a scroll of blinking {unknown}
 k - a scroll of fear {unknown}
 l - a scroll of fog {unknown}
 n - a scroll of random uselessness {unknown}
Comestibles
 f - 2 rations
 i - 2 chunks of flesh


   Skills:
 + Level 2.1 Fighting
 + Level 6.4 Bows
 + Level 0.1 Armour
 + Level 1.5 Dodging
 - Level 0.4 Stealth


You had 2 spell levels left.
You didn't know any spells.
Your spell library was empty.

Dungeon Overview and Level Annotations

Branches:
Dungeon (2/15)

Altars:


Innate Abilities, Weirdness & Mutations

You have hooves in place of feet.
Armour fits poorly on your strangely shaped body.
You cover ground very quickly.
You have extremely tough skin. (AC +3)


Message History

The bat barely misses you. The adder bites you.
* * * LOW HITPOINT WARNING * * *
The hobgoblin hits you but does no damage.
The giant cockroach barely misses you. The adder bites you.
* * * LOW HITPOINT WARNING * * *
The dart slug bites you.
* * * LOW HITPOINT WARNING * * *
The bat hits you.
* * * LOW HITPOINT WARNING * * *
* * * LOW HITPOINT WARNING * * *
You feel sick. The bat misses you. The bat hits you but does no damage.
The adder bites you but does no damage. The bat closely misses you.
The adder barely misses you.
The giant cockroach bites you but does no damage.
The hobgoblin closely misses you. The dart slug bites you.
* * * LOW HITPOINT WARNING * * *
The adder closely misses you.
* * * LOW HITPOINT WARNING * * *
You feel sick.
The bat barely misses you. x2; The adder bites you.
You die...

#.... #....
#..... #.....
......####
........>######
......bb.......
(.....g@w######.#
......SsS........
.####.##g.#####.
...............#
####.##..#####.#
+...<..........
#######..######
#..... ...####


You could see 2 adders, a dart slug, a giant cockroach, 2 hobgoblins and 2 bats.

Vanquished Creatures
  A dart slug (D:1)
  A ball python (D:1)
  4 giant cockroaches (D:1)
  5 goblins (D:1)
  4 jackals (D:1)
  2 bats (D:1)
  2 frilled lizards (D:1)
  4 kobolds (D:1)
  6 rats (D:1)
29 creatures vanquished.

Notes
Turn   | Place    | Note
-------+----------+-------------------------------------------
     0 | D:1      | CrazyMind the Centaur Hunter began the quest for the Orb.
     0 | D:1      | Reached XP level 1. HP: 17/17 MP: 1/1
   204 | D:1      | Reached XP level 2. HP: 24/24 MP: 2/2
   240 | D:1      | Reached skill level 6 in Bows
   722 | D:1      | Reached XP level 3. HP: 29/29 MP: 3/3
   961 | D:2      | HP: 1/29 [dart slug (1)]
   962 | D:2      | Slain by an adder

Levels and vault maps discovered:
D:1:      minmay_arrival_four_houses, layout_loops_ring
D:2:      layout_basic, bloody_trog, minmay_misc_feat_diagonals, uniq_jessica

Skill      XL: |  1  2 |
---------------+-------+-----
Bows           | 6 |  6.4
Fighting       | |  2.1
Armour         | |  0.1
Dodging        | |  1.5
Stealth        | |  0.4

Action                   || total
-------------------------++-------
Melee: Short sword       ||    56
       Kick              ||     7
 Fire: Shortbow          ||    32
Armor: Leather armour    ||    46
Dodge: Dodged            ||    55
